 Dungeon Crawl Stone Soup version 0.29.0-4-gdea44cf6ec (webtiles) character file.

Game seed: 6119832161406165579

49 qw the Chopper (level 3, -2/21 HPs)
             Began as a Tengu Warper on Aug 28, 2022.
             Slain by Sigmund
             ... wielding a +0 scythe
              (9 damage)
             ... on level 2 of the Dungeon.
             The game lasted 00:00:08 (1891 turns).

qw the Chopper (Tengu Warper)                       Turns: 1891, Time: 00:00:08

Health: -2/21      AC:  3    Str: 13    XL:     3   Next: 75%
Magic:  7/7        EV: 12    Int: 13    God:
Gold:   59         SH:  0    Dex: 13    Spells: 6/6 levels left

rFire   . . .      SeeInvis .   Y - +0 hand axe
rCold   . . .      Faith    .   (no shield)
rNeg    . . .      Spirit   .   b - +0 leather armour
rPois   .          Reflect  .   (helmet restricted)
rElec   .          Harm     .   f - scarf {repulsion}
rCorr   .          Rampage  .   (no gloves)
Will    .....                   (boots unavailable)
Stlth   +.........              (no amulet)
HPRegen 0.07/turn               (no ring)
MPRegen 0.10/turn               (no ring)

@: repel missiles
A: beak, talons 3
a: no special abilities


You were on level 2 of the Dungeon.
You visited 1 branch of the dungeon, and saw 2 of its levels.

You collected 59 gold pieces.


Innate Abilities, Weirdness & Mutations

You have a beak for a mouth.
You have claws for feet.


   Skills:
 - Level 2.0 Fighting
 + Level 4.4 Axes
 - Level 1.0 Throwing
 - Level 1.1 Armour
 - Level 2.1 Dodging
 - Level 2.0 Spellcasting
 - Level 2.4 Translocations


You had 6 spell levels left.
You didn't know any spells.
Your spell library contained the following spells:

 Spells                   Type           Power      Damage    Failure   Level
 Blink                    Tloc           14%        N/A       19%         2
 Gell's Gravitas          Tloc           7%         N/A       36%         3
 Lesser Beckoning         Tloc           7%         N/A       36%         3
 Teleport Other           Tloc           7%         N/A       36%         3
 Manifold Assault         Tloc           7%         N/A       98%         5

Inventory:

Hand Weapons
 k - a +0 club
 Y - a +0 hand axe (weapon)
Armour
 b - a +0 leather armour (worn)
 c - a +0 ring mail
 f - a scarf of repulsion (worn)
Jewellery
 d - a +4 ring of protection
Scrolls
 e - a scroll of poison {unknown}
Potions
 a - a potion of degeneration {unknown}
 g - a potion of curing {unknown}
 i - a potion of lignification {unknown}
 j - a potion of heal wounds {unknown}
 l - a potion of might {unknown}

Dungeon Overview and Level Annotations

Branches:
Dungeon (2/15)

Altars:

Annotations:
D:2 Sigmund


Message History

You hit the endoplasm.
You kill the endoplasm!
You start resting.
HP restored.
You open the door.
Sigmund the Dreaded comes into view.
He is wielding a +0 scythe.
Sigmund shouts!
Enter note: Sigmund gestures at you while chanting.
You are confused.
There is an open door here.
Sigmund barely misses you.
You bump into the rock wall.
Sigmund casts a spell at you.
You are more confused.
Sigmund closely misses you.
Sigmund casts a spell.
Sigmund flickers and vanishes!
Deactivating autopickup; reactivate with Ctrl-A.
You're too confused to attack without stumbling around!
There is a strange disturbance nearby!
Something hits you.
You're too confused to attack without stumbling around!
There is a strange disturbance nearby!
You're too confused to attack without stumbling around!
There is a strange disturbance nearby!
Something barely misses you.
You're too confused to attack without stumbling around!
There is a strange disturbance nearby!
Something hits you!
You're too confused to attack without stumbling around!
There is a strange disturbance nearby!
You're too confused to attack without stumbling around!
There is a strange disturbance nearby!
Something hits you.
You're too confused to attack without stumbling around!
There is a strange disturbance nearby!
You feel less confused. Something hits you!
You die...

.~~.~..).# #.. ..##.# #.#
.~...###.# ##...######.# #.##
.~~..###.# ##.....## #.###..#
~~.......###.......## #.#.##.# #
.~~......##.........###....#(#.#
.~~.......+.........+....<...#.##
.~~......##.........###.........#
.~~~.....# #....{..# ###.##.##.#
.~~...#.## #...@.# #.##.##.#
~~~.~...# ##...## #.#...#.#
.~~.#.### ##'## #.##.##.# .~~...#
#.# #.##.##.#
#~~##.#########.#### #>##.##.#
..............# #.......#
#########...#.# ####.####
#......# #.# ##...#.# #.#


There were no monsters in sight!

Vanquished Creatures
  An adder (D:2)
  3 dart slugs (D:1)
  5 ball pythons
  A bat (D:1)
  4 endoplasms
  2 giant cockroaches (D:1)
  A quokka (D:1)
  3 frilled lizards (D:1)
  6 goblins (D:1)
  2 kobolds (D:1)
  6 rats (D:1)
34 creatures vanquished.

Notes
Turn   | Place    | Note
-------+----------+-------------------------------------------
     0 | D:1      | qw the Tengu Warper began the quest for the Orb.
     0 | D:1      | Reached XP level 1. HP: 12/12 MP: 4/4
     0 | D:1      | 0 ||| qw: Version: 0.1-a-89-g26bdef1
     0 | D:1      | 0 ||| qw: Game counter: 3107
     0 | D:1      | 0 ||| qw: Always use a shield: true
     0 | D:1      | 0 ||| qw: God list: Okawaru
     0 | D:1      | 0 ||| qw: Allow faded altars: false
     0 | D:1      | 0 ||| qw: Do Orc after D:15 true
     0 | D:1      | 0 ||| qw: Do second Lair branch before Depths: true
     0 | D:1      | 0 ||| qw: Lair rune preference: random
     0 | D:1      | 0 ||| qw: Plans: Normal
     0 | D:1      | 0 ||| PLANNING D:1-11
   140 | D:1      | 140 ||| Stepping ~*~*~tactically~*~*~ (hiding).
   242 | D:1      | 242 ||| Stepping ~*~*~tactically~*~*~ (hiding).
   250 | D:1      | Reached skill level 3 in Axes
   250 | D:1      | Reached XP level 2. HP: 11/17 MP: 6/6
   402 | D:1      | Found a faded altar of an unknown god.
   417 | D:1      | 417 ||| Stepping ~*~*~tactically~*~*~ (hiding).
   796 | D:1      | 796 ||| Stepping ~*~*~tactically~*~*~ (hiding).
   898 | D:1      | 898 ||| Stepping ~*~*~tactically~*~*~ (hiding).
   908 | D:1      | Reached XP level 3. HP: 12/21 MP: 7/7
  1170 | D:1      | Reached skill level 4 in Axes
  1606 | D:1      | 1606 ||| UPGRADING to scarf of repulsion.
  1611 | D:1      | 1611 ||| DROPPING ring of magical power.
  1612 | D:1      | 1612 ||| READING scroll labelled NAUGHO SAQAHUL.
  1613 | D:1      | 1613 ||| READING scroll labelled BIUPRAE RI RAITZ.
  1614 | D:1      | 1614 ||| DROPPING scroll of blinking.
  1878 | D:2      | Noticed Sigmund
  1891 | D:2      | Slain by Sigmund

Levels and vault maps discovered:
D:1:      evilmike_arrival_hilbert_curve, layout_loops_ring,
          ebering_ecumenical_altar_mist, st_stairs_9, chequers_decorated_corner,
          feat_on_display
D:2:      layout_loops_corners, serial_rivers, chequers_serial_rivers_small_3,
          chequers_serial_rivers_room_a, chequers_serial_rivers_micro_e,
          chequers_serial_rivers_large_a, basic_altar, uniq_sigmund

Skill      XL: |  1  2  3 |
---------------+----------+-----
Axes           | 3 4 |  4.4
Fighting       | |  2.0
Throwing       | |  1.0
Armour         | |  1.1
Dodging        | |  2.1
Spellcasting   | |  2.0
Translocations | |  2.4

Action                   || total
-------------------------++-------
Melee: Hand axe          ||    65
       Kick              ||    13
       Peck              ||     4
Throw: Boomerang         ||     7
  Use: Scroll            ||     2
Armor: Leather armour    ||    10
Dodge: Dodged            ||    30

Table legend:
 A = Non-vault XP
 B = Vault XP
 C = Vault XP percentage of total XP
 D = Non-vault monster count
 E = Vault monster count
 F = Vault count percentage of total count
                 A         B        C        D         E       F
            +---------+---------+-------+---------+---------+-------
      Total |      67 |       3 |   4.3 |      32 |       2 |   5.9
            +---------+---------+-------+---------+---------+-------
        D:1 |      50 |       3 |   5.7 |      29 |       2 |   6.5
        D:2 |      17 |       0 |   0.0 |       3 |       0 |   0.0
            +---------+---------+-------+---------+---------+-------
